 Dungeon Crawl Stone Soup version 0.25.0-33-gff14898491 (webtiles) character file.

Game seed: 2519838973486320799

263 simples the Conjurer (level 5, -2/57 HPs)
             Began as a Draconian Conjurer on July 7, 2020.
             Slain by a slave (5 damage)
             ... led by Pikel
             ... on level 3 of the Dungeon.
             The game lasted 00:05:51 (4337 turns).

simples the Conjurer (Draconian Conjurer)           Turns: 4337, Time: 00:05:52

Health: -2/57      AC: 22    Str: 10    XL:     5   Next: 97%
Magic:  4/10       EV:  2    Int: 16    God:
Gold:   154        SH:  0    Dex: 12    Spells: 8/11 levels left

rFire    + . .     SeeInvis .   g - +0 short sword (elec)
rCold    + . .     Gourm    .   (no shield)
rNeg     + + +     Faith    .   (armour unavailable)
rPois    +         Spirit   .   (helmet currently unavailable)
rElec    +         Reflect  .   (cloak currently unavailable)
rCorr    +         Harm     .   (gloves currently unavailable)
MR       .....     NoTele   +   (boots currently unavailable)
Stlth    ++........             (no amulet)
HPRegen  0.19/turn              (no ring)
MPRegen  0.12/turn              (no ring)

@: tree-form (expiring), resistant, berserk cooldown, stab, hasted and slowed
A: unfitting armour, AC +5
a: no special abilities


You were on level 3 of the Dungeon.
You were not hungry.
You were a tree.
You visited 1 branch of the dungeon, and saw 4 of its levels.

You collected 154 gold pieces.

Inventory:

Hand Weapons
 g - a +0 short sword of electrocution (weapon)
Armour
 h - a +2 pair of gloves (melded)
 n - a +0 tower shield
Scrolls
 a - a scroll of teleportation
 d - a scroll of fog {unknown}
 e - a scroll of blinking {unknown}
 i - 2 scrolls of enchant weapon
 k - 2 scrolls of magic mapping {unknown}
 l - 2 scrolls of identify
 q - 2 scrolls of remove curse {unknown}
 r - a scroll of enchant armour {unknown}
Potions
 c - 2 potions of lignification
 f - a potion of berserk rage
 j - 2 potions of resistance
 o - a potion of haste
 p - a potion of stabbing
 s - a potion of degeneration {unknown}
Comestibles
 b - 7 rations


   Skills:
 + Level 3.5 Dodging
 - Level 1.7 Stealth
 + Level 3.6 Spellcasting
 + Level 5.2 Conjurations


You had 8 spell levels left.
You knew the following spells:

 Your Spells              Type           Power        Failure   Level  Hunger
a - Magic Dart            Conj           ###.         1%          1    None
b - Searing Ray           Conj           ###...       3%          2    ##.....

Your spell library contained the following spells:

 Spells                   Type           Power        Failure   Level  Hunger
 Dazzling Flash           Conj/Hex       ##....       19%         3    ###....
 Fulminant Prism          Conj/Hex       ##........   52%         4    ####...
 Iskenderun's Mystic Bla  Conj/Tloc      ##......     52%         4    ####...


Dungeon Overview and Level Annotations

Branches:
Dungeon (4/15)
 Temple: D:4-7

Altars:
Fedhas

Annotations:
D:2 exclusion: oklob plant
D:3 Pikel
D:4 Blork the orc, Grinder


Innate Abilities, Weirdness & Mutations

((Your plain brown scales are hard. (AC +5)))
You cannot fit into any form of body armour.
((You are cold-blooded and may be slowed by cold attacks.))


Message History

Sorry, you're not good enough to have a special ability.
It was a potion of haste.
You feel yourself speed up.
Your transformation is almost over.
The slave hits you but does no damage. The slave barely misses you.
It was a potion of stabbing.
You feel ready to backstab.
The slave hits you but does no damage. x2
Your magical contamination has completely faded away.
You barely miss the slave.
The slave is severely wounded.
The slave hits you but does no damage. x3
You barely miss the slave.
The slave is severely wounded.
The slave hits you but does no damage. The slave hits you.
* * * LOW HITPOINT WARNING * * *
The slave hits you but does no damage.
You closely miss the slave.
The slave is severely wounded.
The slave hits you.
You die...

.#..............#.#
.###......(#....#.#
........#.##..###.#
........#.[[....#.###
.############.#.....#
.# #........#.#.#.#
.# #.###....#+#)#.#
.#####.###.#...††...#
....##.##......p♣p.##
###.######...#####.#
#...# #☼§§# #)# #..##
#☼○?# #.# #..## #☼○°#
#.#
#...#####...#####.#
####.§°..$$...°§..#
.○.§..$..§☼○..#
####.☼§☼.....☼§§.##


You could see 2 slaves.

Vanquished Creatures
  A slave (D:3)
  A howler monkey (D:3)
  An orc priest (D:3)
  Terence (D:3)
  6 gnolls (D:2)
  4 adders
  2 worms (D:3)
  2 dart slugs (D:1)
  3 leopard geckos
  6 orcs
  4 bats
  3 giant cockroaches
  11 goblins
  4 hobgoblins
  2 jackals (D:1)
  4 kobolds
  2 quokkas
  2 frilled lizards
  11 rats
70 creatures vanquished.

Notes
Turn   | Place    | Note
-------+----------+-------------------------------------------
     0 | D:1      | simples the Draconian Conjurer began the quest for the Orb.
     0 | D:1      | Reached XP level 1. HP: 14/14 MP: 3/3
   542 | D:1      | Reached XP level 2. HP: 20/20 MP: 0/5
   596 | D:1      | Learned a level 2 spell: Searing Ray
  1317 | D:2      | Reached XP level 3. HP: 26/26 MP: 3/6
  1804 | D:2      | Reached XP level 4. HP: 33/33 MP: 5/8
  2249 | D:2      | You fall into a shaft and drop 2 floors!
  2252 | D:4      | Noticed Blork the orc
  2252 | D:4      | Noticed Grinder
  2258 | D:4      | Noticed a slave
  2258 | D:4      | Noticed a slave
  2258 | D:4      | Noticed Pikel
  2259 | D:4      | Noticed a slave
  2260 | D:4      | Noticed a slave
  2431 | D:3      | Reached XP level 5. HP: 36/38 MP: 5/9
  2533 | D:3      | Reached skill level 5 in Conjurations
  2666 | D:3      | Noticed Terence
  2678 | D:3      | Killed Terence
  3170 | D:2      | Found a blossoming altar of Fedhas.
  3189 | D:2      | Noticed an oklob plant
  4323 | D:3      | Killed a slave
  4337 | D:3      | Slain by a slave

Illustrated notes

Levels and vault maps discovered:
D:1:      saegor_arrival_simple_c, layout_loops_ring, kennysheep_pointless_box
D:2:      layout_loops_ring, tgw_fedhas, minmay_pentomino_x4
D:3:      layout_basic, first_ration, minmay_misc_feat_nine_boxes,
          lemuel_flame_loot_1, uniq_terence
D:4:      layout_cave_pools, kennysheep_generic_room_7, uniq_natasha,
          uniq_blork_the_orc, uniq_grinder, uniq_pikel

Skill      XL: |  1  2  3  4  5 |
---------------+----------------+-----
Dodging        | 2 3 |  3.5
Spellcasting   | 3 |  3.6
Conjurations   | 5 |  5.2
Stealth        | |  1.7

Action                   |  1- 3 |  4- 6 || total
-------------------------+-------+-------++-------
Melee: Unarmed           |    19 |       ||    19
       Tailslap          |     6 |     1 ||     7
       Short sword       |    15 |    32 ||    47
 Cast: Magic Dart        |    12 |       ||    12
       Searing Ray       |    18 |    31 ||    49
  Use: Scroll            |     1 |     3 ||     4
       Potion            |       |     9 ||     9
  Eat: Chunk             |     4 |     7 ||    11
       Ration            |       |     1 ||     1
Armor: Skin              |    17 |   103 ||   120
Dodge: Dodged            |    29 |    52 ||    81
